 Dungeon Crawl Stone Soup version 0.16.2-14-g7133f4a77c (webtiles) character file.

89 graymark the Conjurer (level 4, -1/27 HPs)
             Began as an Octopode Conjurer on Aug 14, 2021.
             Slain by a worker ant (7 damage)
             ... on level 3 of the Dungeon.
             The game lasted 00:07:46 (2637 turns).

graymark the Conjurer (Octopode Conjurer)           Turns: 2637, Time: 00:07:46

Health: -1/27      AC:  1    Str:  7    XL:     4   Next: 55%
Magic:  2/8        EV: 13    Int: 18    God:
Gold:   114        SH:  0    Dex: 12    Spells: 1 memorised, 7 levels left

rFire  . . .     SeeInvis .     e - +0 spear
rCold  . . .     Clarity  .     (no shield)
rNeg   . . .     SustAb   .     (helmet restricted)
rPois  .         Gourm    .     (no amulet)
rElec  .         Spirit   .     (no ring)
rCorr  .         Warding  .     (no ring)
rMut   .         Stasis   .     (no ring)
MR     .....                    (no ring)
Stlth  ++++......               (no ring)
                                (no ring)
                                (no ring)
                                (no ring)

@: lethally poisoned (-1 -> -7), not resistant to hostile enchantments, stealthy
A: almost no armour, amphibious, 8 rings, constrict 8, camouflage 1, gelatinous
body 1
a: no special abilities


You were on level 3 of the Dungeon.
You were not hungry.

You visited 1 branch of the dungeon, and saw 3 of its levels.

You collected 114 gold pieces.

Inventory:

Hand weapons
 e - a +0 spear (weapon)
 i - a +0 dagger
Missiles
 f - 11 stones (quivered)
 l - 7 poisoned needles
Scrolls
 a - a scroll of fear {unknown}
 g - a scroll of identify {unknown}
 h - a scroll of enchant weapon {unknown}
 o - a scroll of random uselessness {unknown}
 p - a scroll of remove curse {unknown}
 q - a scroll of immolation {unknown}
 r - a scroll of amnesia
 s - a scroll of fog {unknown}
Potions
 d - 2 potions of curing
 n - a potion of restore abilities {unknown}
Books
 c - a book of Conjurations

   Spells                             Type                      Level
   a - Magic Dart                     Conjuration                  1
   b - Searing Ray                    Conjuration                  2
   c - Dazzling Spray                 Conjuration/Hexes            3
   d - Fulminant Prism                Conjuration/Hexes            4
   e - Iskenderun's Mystic Blast      Conjuration                  4
   f - Iskenderun's Battlesphere      Conjuration/Charms           5
Comestibles
 b - a bread ration
 j - 2 meat rations
 k - 2 chunks of flesh
 m - a beef jerky


   Skills:
 + Level 2.8 Dodging
 + Level 4.1 Stealth
 + Level 2.6 Spellcasting
 + Level 4.5 Conjurations


You had 7 spell levels left.
You knew the following spells:

 Your Spells              Type           Power        Failure   Level  Hunger
a - Magic Dart            Conj           ###.         2%          1    #......


Dungeon Overview and Level Annotations

Branches:
Dungeon (3/15)

Altars:


Innate Abilities, Weirdness & Mutations

You cannot wear most types of armour.
You are amphibious.
You can wear up to eight rings at the same time.
You can use your tentacles to constrict many enemies at once.
Your skin changes colour to match your surroundings (Stealth).
Your rubbery body absorbs attacks (AC +1).


Message History

You constrict the worker ant, but do no damage.
You feel sick. The worker ant barely misses you.
You barely miss the worker ant.
The worker ant is heavily wounded.
You constrict the worker ant.
You feel sick. The worker ant closely misses you.
You hit the worker ant but do no damage.
The worker ant is severely wounded.
You constrict the worker ant, but do no damage.
You feel sick. The worker ant bites you. The worker ant bites you.
* * * LOW HITPOINT WARNING * * *
You hit the worker ant. Your squeeze misses the worker ant.
The worker ant is almost dead.
You constrict the worker ant, but do no damage.
The worker ant misses you.
You hit the worker ant but do no damage.
The worker ant is almost dead.
You constrict the worker ant, but do no damage.
* * * LOW HITPOINT WARNING * * *
You feel sick. The worker ant bites you!
You die...

#. #..##.#####
#.##.........#.#
#............#.#
#..#...........#
#..#...[.....##
#....#.#......####
###.#.#.#.........#
#.......#......##.#
#####.###...@..#
#####...#...a..#
#.......#......#
##.#.<..#........ #
###.###..??.##.
#...# #.....# #
#.### ####... ...
.... ### .


You could see a worker ant.

Vanquished Creatures
  Jessica (D:2)
  An adder (D:2)
  2 worms (D:2)
  A giant gecko (D:2)
  An ooze (D:3)
  2 giant cockroaches
  7 goblins
  5 hobgoblins
  5 jackals (D:2)
  5 kobolds
  A quokka (D:2)
  2 ball pythons (D:2)
  5 bats
  4 giant newts
  9 rats
51 creatures vanquished.

Notes
Turn   | Place    | Note
--------------------------------------------------------------
     0 | D:1      | graymark, the Octopode Conjurer, began the quest for the Orb.
     0 | D:1      | Reached XP level 1. HP: 11/11 MP: 3/3
   484 | D:1      | Reached XP level 2. HP: 17/17 MP: 4/4
   971 | D:2      | Reached XP level 3. HP: 13/21 MP: 0/6
  1235 | D:2      | Noticed Jessica
  1238 | D:2      | Killed Jessica
  1646 | D:2      | Reached XP level 4. HP: 27/27 MP: 8/8
  2637 | D:3      | Slain by a worker ant

Action                   |  1- 3 |  4- 6 || total
-------------------------+-------+-------++-------
Melee: Spear             |    55 |    67 ||   122
       Unarmed           |     2 |       ||     2
 Cast: Magic Dart        |    21 |    15 ||    36
  Use: Scroll            |       |     1 ||     1
       Potion            |       |     1 ||     1
 Stab: Sleeping          |     6 |     7 ||    13
  Eat: Chunk             |     2 |     4 ||     6
